Map: [ESL] Moondance

Players

Ryung - Winner!

  • Race: Terran Terran
  • Spawn Location: 6:00

Astrea

  • Race: Protoss Protoss
  • League: Grandmaster
  • Spawn Location: 12:00

Event: TSL 9

VOD

Have the link to the VOD?

Description

Time

  • Played on: Aug. 6, 2022, 9:39 a.m.
  • Length: 4:54

All games in this series

Show
View Real Time Build Order
Export as new Build Order

Ryung Terran - Winner!

Build Orders: Cyclone Opening 

Get SALT Encoding   

  12  0:00  SCV  
  13  0:12  SCV  
  14  0:16  Supply Depot  
  14  0:24  SCV  
  15  0:38  SCV  
  15  0:40  Barracks  
  16  0:42  Refinery  
  16  0:50  SCV  
  16  0:52  Refinery  
  17  1:02  SCV  
  18  1:14  SCV  
  19  1:23  Supply Depot  
  19  1:27  Reaper, Orbital Command  
  20  1:40  Factory  
  20  1:52  SCV  
  21  2:03  Barracks Reactor  
  21  2:04  SCV  
  22  2:17  SCV  
  22  2:18  Command Center  
  23  2:25  Factory Tech Lab  
  23  2:29  SCV  
  24  2:36  Supply Depot  
  24  2:40  Marine  
  24  2:41  SCV, Marine  
  27  2:45  Cyclone  
  30  2:53  SCV  
  30  2:56  Starport  
  31  3:02  Marine x2  
  34  3:05  SCV  
  34  3:17  SCV  
  34  3:18  Cyclone  
  38  3:20  Marine  
  39  3:30  SCV, Marine  
  39  3:31  Viking  
  43  3:39  Orbital Command  
  43  3:42  SCV  
  43  3:45  Marine  
  43  3:48  Marine  
  46  3:52  Cyclone  
  49  3:56  Supply Depot  
  49  3:58  SCV  
  50  4:03  Viking  
  50  4:06  SCV  
  50  4:08  Marine  
  54  4:15  Supply Depot  
  54  4:17  SCV, Marine  
  54  4:18  SCV  
  57  4:29  Marine  
  57  4:30  SCV  
  62  4:36  Marine  
  62  4:37  SCV  
  64  4:40  Supply Depot  
  64  4:42  SCV  
Show
View Real Time Build Order
Export as new Build Order

Astrea Protoss 

Build Orders: 1 Gate Expand, Phoenix Opening 

Get SALT Encoding   

  12  0:00  Probe  
  13  0:12  Probe  
  14  0:17  Pylon  
  14  0:24  Probe (Chrono Boost)  
  16  0:35  Gateway  
  16  0:36  Probe (Chrono Boost)  
  16  0:42  Probe (Chrono Boost)  
  16  0:45  Assimilator  
  17  0:51  Probe  
  18  1:03  Probe  
  19  1:15  Probe  
  20  1:21  Nexus  
  20  1:31  Cybernetics Core  
  20  1:33  Probe  
  20  1:39  Assimilator  
  21  1:45  Probe  
  22  1:48  Pylon  
  22  1:58  Probe  
  23  2:05  Adept (Chrono Boost)  
  24  2:10  Probe  
  24  2:14  Shield Battery  
  25  2:22  Stargate, Probe (Chrono Boost)  
  26  2:27  Adept  
  28  2:32  Probe (Chrono Boost)  
  30  2:40  Probe (Chrono Boost)  
  30  2:42  Probe (Chrono Boost)  
  31  2:47  Probe x2 (Chrono Boost)  
  33  2:57  Adept  
  36  2:58  Probe  
  36  2:59  Probe  
  36  3:05  Phoenix (Chrono Boost)  
  39  3:10  Probe  
  39  3:11  Probe  
  41  3:15  Gateway  
  41  3:17  Pylon  
  41  3:22  Probe  
  41  3:23  Probe  
  41  3:26  Phoenix (Chrono Boost)  
  45  3:34  Probe  
  45  3:35  Probe  
  45  3:38  Twilight Council  
  47  3:48  Probe x2  
  47  3:49  Phoenix  
  51  4:01  Gateway  
  51  4:03  Gateway  
  51  4:08  Pylon  
  51  4:19  Nexus  
  51  4:23  Phoenix  
  53  4:30  Probe x2  
  49  4:42  Probe x2  
Tags
 
Add a new tag
Caveats
  • Supply blocks, unpowered buildings, or Contaminate may cause inaccurate times.
  • Supply counts are checked every 10 seconds.